Map: Acropolis LE

Players

soO

  • Race: Zerg Zerg
  • Spawn Location: 11:00

Serral - Winner!

  • Race: Zerg Zerg
  • Spawn Location: 5:00

Event: 2019 WCS Global FInals

VOD

Have the link to the VOD?

Description

Time

  • Played on: Nov. 1, 2019, 3:35 p.m.
  • Length: 17:54

All games in this series

Show
View Real Time Build Order
Export as new Build Order

soO Zerg 

Build Orders: Hatch First 

Get SALT Encoding   

  12  0:00  Drone  
  13  0:12  Overlord  
  13  0:17  Drone  
  14  0:30  Drone x2  
  16  0:47  Hatchery  
  15  0:51  Drone  
  15  0:54  Drone  
  17  0:57  Drone  
  18  1:08  Extractor  
  17  1:12  Spawning Pool  
  17  1:15  Drone  
  17  1:19  Drone  
  18  1:28  Drone  
  19  1:39  Drone  
  20  1:49  Overlord  
  20  1:58  Queen  
  20  1:59  Drone, Queen  
  20  2:00  Drone  
  26  2:10  Zergling x2  
  26  2:12  Drone  
  26  2:13  Metabolic Boost  
  28  2:21  Drone x2  
  30  2:31  Hatchery  
  30  2:34  Drone  
  30  2:39  Drone  
  31  2:47  Baneling Nest  
  31  2:51  Overlord  
  30  2:53  Queen  
  30  2:57  Drone  
  33  3:00  Drone  
  33  3:02  Drone  
  33  3:04  Drone  
  36  3:11  Drone  
  36  3:12  Drone, Zergling x2  
  39  3:13  Drone  
  39  3:17  Overlord  
  40  3:21  Drone  
  40  3:22  Drone  
  40  3:23  Drone  
  40  3:26  Drone  
  44  3:31  Evolution Chamber  
  43  3:35  Drone  
  43  3:38  Drone  
  43  3:40  Drone x3  
  48  3:45  Drone  
  48  3:48  Drone  
  50  3:50  Drone  
  50  3:54  Lair  
  51  3:56  Roach Warren, Drone  
  51  3:57  Drone  
  51  4:01  Drone x2  
  54  4:03  Zergling x2  
  54  4:04  Zergling x2  
  54  4:06  Zergling x2  
  54  4:07  Drone  
  58  4:12  Extractor x2  
  58  4:13  Drone x2  
  58  4:14  Baneling  
  58  4:15  Baneling, Zerg Missile Weapons Level 1  
  58  4:19  Overlord  
  58  4:21  Overlord  
  58  4:27  Overlord  
  58  4:29  Overlord  
  58  4:33  Extractor  
  58  4:34  Drone  
  58  4:35  Overlord, Extractor  
  58  4:38  Drone x6  
  63  4:39  Drone  
  63  4:41  Drone  
  63  4:44  Zergling x2  
  66  4:46  Drone x2  
  68  4:53  Glial Reconstitution  
  68  4:55  Drone  
  68  4:58  Roach x4  
  77  5:05  Overlord  
  77  5:07  Roach x2  
  77  5:08  Roach  
  77  5:12  Roach x2  
  77  5:13  Roach  
  77  5:14  Overlord, Overseer  
  89  5:18  Overlord, Roach  
  91  5:21  Roach  
  91  5:26  Roach x2  
  91  5:27  Roach x2  
  98  5:31  Roach  
  98  5:33  Roach x2  
  104  5:39  Ravager  
  104  5:41  Nydus Network  
  103  5:43  Roach  
  103  5:44  Roach  
  103  5:47  Roach x2  
  111  5:51  Roach  
  111  5:52  Overlord x2  
  112  5:59  Overlord  
  112  6:00  Roach  
  112  6:02  Overlord  
  112  6:04  Overlord  
  114  6:08  Overlord  
  124  6:11  Roach x5  
  124  6:14  Overseer  
  124  6:16  Roach x3  
  124  6:18  Nydus Canal  
  130  6:23  Roach x2  
  134  6:28  Roach  
  134  6:29  Roach  
  134  6:31  Roach x2  
  142  6:33  Roach x2  
  142  6:37  Roach x2  
  150  6:40  Nydus Canal  
  150  6:41  Roach  
  150  6:42  Roach  
  150  6:43  Roach  
  158  6:47  Overlord, Roach  
  158  6:53  Nydus Canal  
  158  6:54  Overlord  
  158  6:55  Overlord  
  158  6:59  Overlord  
  158  7:00  Overlord  
  158  7:06  Overlord  
  158  7:07  Nydus Canal  
  158  7:11  Roach x3  
  157  7:17  Ravager x4  
  157  7:19  Ravager  
  157  7:22  Roach  
  164  7:26  Roach x3  
  164  7:29  Roach  
  168  7:30  Roach  
  168  7:32  Roach  
  168  7:34  Roach  
  158  7:38  Roach x2  
  158  7:39  Roach  
  158  7:42  Roach  
  158  7:43  Roach  
  156  7:45  Roach  
  156  7:46  Roach  
  156  7:49  Roach  
  156  7:50  Roach  
  137  7:51  Roach  
  137  7:54  Roach  
  137  7:57  Roach  
  137  7:58  Roach  
  119  8:01  Roach x2  
  119  8:04  Roach  
  119  8:05  Roach  
  112  8:06  Roach  
  112  8:08  Roach  
  112  8:11  Roach  
  118  8:13  Roach  
  118  8:14  Roach  
  118  8:17  Roach  
  118  8:18  Roach  
  124  8:24  Drone  
  124  8:26  Extractor  
  116  8:35  Roach, Spire  
  116  8:36  Roach  
  116  8:39  Roach  
  116  8:40  Hatchery, Roach  
  122  8:42  Roach  
  122  8:43  Roach  
  122  8:48  Roach x2  
  130  8:49  Roach  
  130  8:50  Roach  
  130  8:53  Roach  
  136  8:58  Roach x4  
  144  9:11  Drone x2  
  144  9:13  Drone x2  
  148  9:17  Drone  
  148  9:19  Drone, Queen  
  148  9:20  Spore Crawler  
  148  9:21  Spore Crawler  
  148  9:22  Spore Crawler  
  149  9:26  Nydus Canal  
  149  9:46  Mutalisk x7  
  149  9:51  Mutalisk  
  165  10:01  Mutalisk  
  165  10:05  Overlord, Mutalisk  
  169  10:09  Drone  
  169  10:10  Drone x7  
  169  10:11  Overlord, Drone  
  178  10:22  Overlord  
  178  10:24  Mutalisk x3  
  182  10:30  Mutalisk  
  182  10:35  Drone x2  
  184  10:36  Spore Crawler  
  184  10:39  Mutalisk x2  
  187  10:44  Extractor  
  187  10:49  Overlord  
  186  10:50  Zerg Flyer Weapons Level 1  
  186  10:52  Overlord, Extractor, Overseer  
  186  10:54  Mutalisk  
  187  11:03  Mutalisk  
  189  11:10  Mutalisk  
  191  11:16  Mutalisk  
  190  11:38  Drone  
  190  11:39  Drone x3  
  189  11:42  Drone  
  189  11:45  Zerg Missile Weapons Level 2  
  189  11:51  Drone  
  190  12:05  Roach x5  
  190  12:06  Nydus Canal  
  196  12:19  Roach  
  196  12:21  Roach  
  168  12:23  Roach x5  
  168  12:24  Roach x2  
  168  12:25  Roach x2  
  168  12:26  Roach x2  
  168  12:27  Roach x4  
  168  12:28  Roach x12  
  182  12:31  Roach  
  182  12:35  Roach  
  182  12:36  Overseer, Roach  
  170  12:38  Nydus Network  
  170  12:43  Mutalisk x4  
  173  12:50  Roach x4  
  189  13:05  Roach x4  
  189  13:06  Roach  
  189  13:11  Ravager  
  182  13:35  Roach x9  
  200  13:47  Overseer  
  198  13:48  Overseer  
  198  13:55  Nydus Canal  
  196  14:08  Roach x2  
  174  14:11  Roach  
  174  14:13  Roach x14  
  177  14:20  Ravager  
  177  14:21  Ravager x2  
  177  14:22  Roach x6  
  191  14:30  Ravager  
  192  14:33  Nydus Canal  
  192  14:48  Nydus Canal  
  192  14:53  Overlord  
  192  14:55  Overlord  
  188  15:03  Nydus Canal  
  188  15:04  Roach  
  188  15:05  Roach x7  
  188  15:06  Roach  
  188  15:07  Roach x2  
  188  15:14  Ravager  
  193  15:15  Ravager x3  
  193  15:16  Ravager  
  193  15:17  Roach  
  199  15:25  Nydus Canal  
  197  15:36  Roach  
  197  15:42  Nydus Canal  
  197  15:53  Roach  
  197  15:54  Roach x2  
  197  15:56  Nydus Canal  
  193  16:02  Roach x3  
  199  16:08  Overseer  
  199  16:09  Pneumatized Carapace  
  192  16:12  Roach x3  
  192  16:15  Drone x3  
  196  16:25  Drone x2  
  198  16:32  Nydus Canal, Ravager x2  
  200  16:39  Roach x2  
  190  16:41  Roach x2  
  190  16:44  Roach x2  
  190  16:46  Roach x11  
  194  16:54  Overlord x2  
  191  16:55  Overlord  
  191  16:57  Overlord  
  191  17:00  Ravager  
  192  17:02  Overlord  
  192  17:06  Nydus Canal  
  192  17:08  Overlord  
  192  17:09  Overlord  
  192  17:10  Overlord  
  192  17:11  Overseer  
  192  17:15  Ravager  
  192  17:16  Ravager x2  
  192  17:17  Nydus Canal  
  192  17:22  Hatchery  
  194  17:23  Roach x3  
  194  17:29  Overlord  
Show
View Real Time Build Order
Export as new Build Order

Serral Zerg - Winner!

Build Orders: Hatch First, Lurkers, Muta Ling Bane 

Get SALT Encoding   

  12  0:00  Drone  
  13  0:13  Overlord  
  13  0:17  Drone  
  14  0:31  Drone  
  14  0:32  Drone  
  16  0:47  Hatchery  
  15  0:51  Drone  
  15  0:54  Drone  
  17  0:58  Drone  
  18  1:08  Extractor  
  17  1:12  Spawning Pool  
  17  1:15  Drone  
  17  1:19  Drone  
  18  1:28  Drone  
  19  1:39  Drone  
  20  1:50  Drone  
  21  1:58  Queen  
  21  1:59  Queen  
  21  2:00  Overlord  
  25  2:01  Zergling x2  
  25  2:07  Metabolic Boost  
  26  2:10  Drone  
  26  2:11  Drone  
  28  2:21  Drone  
  29  2:23  Drone  
  30  2:32  Hatchery  
  30  2:35  Drone  
  30  2:38  Drone  
  30  2:42  Drone  
  32  2:46  Baneling Nest  
  32  2:49  Overlord  
  31  2:53  Drone  
  31  2:55  Zergling x2  
  33  3:04  Drone  
  34  3:06  Drone  
  34  3:07  Drone  
  34  3:08  Drone x3  
  34  3:10  Zergling x2  
  40  3:13  Overlord  
  40  3:19  Drone x2  
  42  3:24  Queen  
  44  3:29  Evolution Chamber, Zergling x2  
  44  3:30  Baneling  
  44  3:33  Drone  
  45  3:38  Drone x2  
  45  3:40  Drone x2  
  49  3:43  Zergling x4  
  49  3:47  Overlord  
  50  3:48  Drone  
  50  3:50  Drone  
  50  3:51  Drone  
  50  3:54  Overlord  
  53  3:57  Zerg Missile Weapons Level 1  
  53  3:59  Drone  
  53  4:01  Drone  
  55  4:05  Drone  
  55  4:07  Drone  
  57  4:11  Drone x3  
  57  4:13  Drone x2  
  57  4:14  Drone  
  62  4:18  Lair  
  62  4:21  Extractor x2  
  62  4:24  Drone x4  
  64  4:30  Zergling x2  
  64  4:31  Zergling x2  
  66  4:32  Baneling  
  66  4:34  Roach Warren  
  66  4:36  Overlord  
  66  4:37  Drone  
  66  4:38  Drone  
  67  4:41  Drone x3  
  67  4:44  Overlord  
  70  4:46  Zergling x2  
  70  4:50  Drone x3  
  74  4:58  Overlord, Extractor  
  74  4:59  Drone x4, Extractor x2  
  76  5:00  Drone  
  76  5:08  Drone  
  76  5:10  Drone x2  
  76  5:11  Drone  
  76  5:12  Overlord  
  79  5:15  Overseer  
  79  5:22  Spire  
  79  5:23  Drone x2  
  79  5:24  Overlord  
  79  5:26  Baneling  
  79  5:28  Zergling x6  
  83  5:32  Overlord  
  83  5:35  Overlord  
  83  5:36  Glial Reconstitution  
  83  5:37  Overlord  
  83  5:40  Roach x5  
  94  5:44  Roach x2  
  94  5:47  Roach x2  
  94  5:48  Spine Crawler  
  94  5:49  Roach  
  103  5:50  Spine Crawler  
  103  5:52  Overlord  
  103  5:55  Roach x2  
  103  5:57  Roach  
  107  5:58  Roach  
  107  6:00  Roach  
  107  6:01  Roach  
  112  6:05  Roach  
  114  6:12  Overlord  
  114  6:14  Roach x2  
  114  6:16  Zerg Missile Weapons Level 2  
  114  6:17  Overlord  
  118  6:20  Roach  
  118  6:21  Roach x4  
  128  6:26  Baneling  
  128  6:27  Baneling x5  
  128  6:31  Roach x5  
  138  6:36  Overlord  
  138  6:39  Roach x2  
  142  6:44  Roach x2  
  146  6:49  Roach x3  
  152  6:58  Overlord x2  
  152  6:59  Spire  
  152  7:00  Roach x4  
  159  7:04  Overseer  
  159  7:05  Overlord  
  159  7:10  Roach  
  159  7:12  Overlord x3  
  160  7:15  Overlord  
  160  7:19  Roach x2  
  160  7:21  Ravager  
  160  7:22  Ravager  
  166  7:26  Roach x2  
  170  7:31  Ravager  
  170  7:32  Ravager  
  170  7:34  Roach x7  
  179  7:39  Roach x3  
  179  7:42  Ravager  
  181  7:45  Roach x2  
  181  7:48  Roach  
  181  7:49  Roach  
  165  7:58  Roach x3  
  147  8:07  Roach x3  
  147  8:08  Roach x4  
  156  8:23  Roach x6  
  164  8:38  Mutalisk x4  
  164  8:40  Mutalisk  
  174  8:46  Hatchery  
  173  8:51  Pneumatized Carapace  
  173  8:52  Mutalisk  
  175  8:56  Mutalisk  
  177  9:11  Mutalisk x2  
  177  9:15  Roach x4  
  189  9:21  Drone  
  189  9:22  Drone x2, Extractor  
  191  9:25  Centrifical Hooks  
  191  9:29  Roach x2  
  195  9:36  Roach x2  
  199  9:46  Zerg Ground Armor Level 1  
  199  9:50  Ravager  
  200  10:20  Hydralisk Den  
  200  10:21  Infestation Pit, Ravager  
  199  10:22  Ravager  
  200  10:38  Extractor  
  200  10:41  Spore Crawler  
  198  10:42  Spore Crawler  
  198  10:44  Spore Crawler x2  
  198  10:49  Hydralisk x3, Muscular Augments  
  199  10:52  Hydralisk x5  
  199  10:55  Hydralisk x4  
  199  10:58  Hive  
  199  11:04  Tunneling Claws, Spine Crawler  
  199  11:05  Burrow, Spine Crawler x2  
  199  11:06  Queen  
  198  11:14  Drone  
  198  11:15  Drone  
  198  11:16  Lurker Den  
  198  11:17  Drone  
  200  11:21  Hatchery  
  200  11:22  Drone  
  200  11:41  Hydralisk x3  
  200  11:42  Zerg Ground Armor Level 2  
  200  11:45  Evolution Chamber  
  200  11:46  Spore Crawler  
  196  11:49  Overlord x2  
  196  11:50  Overlord  
  196  11:51  Overlord  
  196  12:00  Grooved Spines  
  194  12:13  Hatchery  
  181  12:17  Viper x3  
  181  12:20  Hydralisk x6  
  181  12:22  Hydralisk x2  
  176  12:23  Hydralisk x3  
  176  12:24  Hydralisk  
  176  12:26  Roach  
  176  12:28  Hydralisk  
  166  12:30  Hydralisk  
  166  12:32  Roach  
  166  12:33  Roach  
  166  12:34  Roach  
  166  12:36  Roach x2  
  168  12:38  Roach  
  168  12:43  Roach x2  
  174  12:54  Drone x5  
  174  12:55  Drone x3  
  188  12:58  Roach x8  
  198  13:09  Hydralisk  
  198  13:11  Adaptive Talons  
  200  13:16  Extractor  
  195  13:20  Lurker  
  195  13:26  Extractor  
  181  13:28  Lurker x3  
  181  13:29  Hydralisk x3  
  186  13:37  Spore Crawler, Drone  
  186  13:41  Hydralisk x2  
  186  13:48  Roach x2  
  188  13:59  Hydralisk x2  
  188  14:00  Hydralisk  
  190  14:07  Hydralisk x6  
  180  14:14  Lurker  
  180  14:15  Lurker  
  163  14:21  Zerg Missile Weapons Level 3  
  163  14:24  Roach x2  
  163  14:25  Lurker  
  164  14:33  Lurker x2  
  164  14:34  Lurker x3  
  164  14:38  Hydralisk x3  
  169  14:45  Spore Crawler  
  172  14:46  Drone x3  
  172  14:51  Lurker  
  172  14:52  Lurker x2  
  174  15:06  Hydralisk x4  
  180  15:19  Lurker x4  
  184  15:24  Hydralisk x3  
  190  15:29  Lurker  
  190  15:30  Lurker  
  192  15:36  Overseer  
  192  15:38  Spore Crawler  
  191  15:46  Roach x2  
  191  15:47  Roach x3  
  191  15:48  Roach x2  
  179  15:53  Hydralisk x8  
  190  16:00  Hydralisk x2  
  193  16:10  Drone x3  
  190  16:23  Hydralisk x6  
  198  16:29  Hydralisk  
  197  16:45  Viper x3  
  191  16:52  Hydralisk x4  
  199  17:04  Lurker  
  200  17:09  Overseer  
  200  17:10  Overseer  
  200  17:32  Spine Crawler  
Tags
 
Add a new tag
Caveats
  • Supply blocks, unpowered buildings, or Contaminate may cause inaccurate times.
  • Supply counts are checked every 10 seconds.